[Event "Romanian Championship 2024"]
[Site "Eforie Nord"]
[Date "2024.03.02"]
[Round "9.9"]
[White "Bulmaga, Irina"]
[Black "Radu, David Cr."]
[Result "1-0"]
[ECO "B60"]
[WhiteElo "2439"]
[BlackElo "2142"]
[Annotator "TA"]
[PlyCount "69"]
[EventDate "2024.02.24"]
[EventType "swiss"]
[EventCountry "ROU"]
[SourceTitle "playchess.com"]
[Source "ChessBase"]
[SourceQuality "1"]
[TimeControl "40/5400+30:900+30"]

1. e4 c5 2. Nf3 Nc6 3. d4 cxd4 4. Nxd4 Nf6 5. Nc3 d6 6. Bg5 a6 7. Nxc6 bxc6 8. Bc4 e5 (8... e6 $11) 9. Qd3 $16 {[%emt 0:19:40] White is much more active. The black rooks are passive. White is better.} Be7 10. O-O ({White should play} 10. O-O-O $16) 10... O-O 11. Bxf6 Bxf6 12. b4 d5 13. exd5 e4 $1 14. Qe3 Bxc3 15. Qxc3 cxd5 {[%emt 0:00:04][%cal Od8c7] ...Qc7! would now be deadly.} 16. Rad1 Be6 {[%emt 0:00:52] Strongly threatening ...Rc8.} 17. Bxd5 Qc8 {[%emt 0:04:18] [#] White stays focused until the end.} (17... Bxd5 $11 18. Qe5 Qb6 19. Rxd5 (19. Qxd5 Qxb4 20. Rd4 Qb2 $11) 19... Qxb4) 18. Qb3 $1 $18 a5 (18... Rd8 {is a better defense.} 19. a3 h6 20. Bxe6 Qxe6) 19. a3 {[%emt 0:01:32] Threatens to win with c4.} axb4 (19... Bxd5 $142 20. Rxd5 a4) 20. axb4 Bxd5 21. Rxd5 (21. Qxd5 Qxc2 22. Qf5 g6 $11) 21... Qe6 22. c4 f5 23. h3 f4 24. Re1 Rf6 (24... Kh8 $142 25. b5 e3) 25. Qd1 (25. c5 $142 {[%cal Oe1e4] aiming for Rxe4!} Rg6 26. Rd3) 25... Re8 $2 {[%emt 0:05:37] [#]} (25... e3 {keeps fighting.} 26. c5 Rff8) 26. Rd8 Rff8 27. Rxe8 Rxe8 {[%emt 0:00:03][%mdl 4096] Endgame. KQR-KQR} 28. Qd4 {[%emt 0:04:26] And now b5 would win.} e3 29. fxe3 (29. Qxf4 $2 {perishes.} exf2+ 30. Qxf2 Qxe1+ $19) 29... fxe3 30. b5 Qe4 $2 (30... e2 31. b6 Qc6) 31. Qxe4 {[%emt 0:00:48] White is clearly winning.} Rxe4 32. Rc1 ({Not} 32. c5 Re5 $16) 32... e2 33. Kf2 e1=Q+ 34. Rxe1 Rxc4 35. Rb1 {[%emt 0:00:03] Weighted Error Value: White=0.26 (precise) /Black=0.72.  Loses game:     	---       	Black=1      Mistake:       	White=2     	Black=6      OK:         	White=7     	Black=4      Best:        	White=1     	Black=2      Strong:       	---       	Black=1} 1-0

[Event "Romanian Championship 2024"]
[Site "Eforie Nord"]
[Date "2024.03.02"]
[Round "9.10"]
[White "Prelipcean, Eric-Matei"]
[Black "David, Alexandru-Vasile"]
[Result "1/2-1/2"]
[ECO "A48"]
[WhiteElo "2103"]
[BlackElo "2360"]
[Annotator "TA"]
[PlyCount "44"]
[EventDate "2024.02.24"]
[EventType "swiss"]
[EventCountry "ROU"]
[SourceTitle "playchess.com"]
[Source "ChessBase"]
[SourceQuality "1"]
[TimeControl "40/5400+30:900+30"]

1. d4 Nf6 2. Nf3 g6 3. Bg5 Bg7 4. Nbd2 O-O 5. c3 d6 6. e4 c5 7. dxc5 dxc5 8. Be2 Nc6 9. Qc2 Qc7 10. Nc4 h6 11. Bh4 Nh5 12. Bg3 (12. Ne3 $11) 12... Nxg3 $15 13. hxg3 b5 14. Ne3 b4 15. O-O {[%emt 0:10:43] Die Stellung ist ausgeglichen.} bxc3 16. bxc3 e6 17. Nd2 Bb7 18. f4 c4 19. Nexc4 Na5 20. Nxa5 Qxa5 21. e5 Rac8 22. Rac1 Rfd8 {[%emt 0:00:13] Gewichteter Fehlerwert: Weiß=0.05 (makellos) /Schwarz=0.07 (makellos) .  Fehler:       	Weiß=1     	---        Ungenau:       	---       	Schwarz=1     OK:         	Weiß=7     	Schwarz=5} 1/2-1/2

[Event "Romanian Championship 2024"]
[Site "Eforie Nord"]
[Date "2024.03.02"]
[Round "9.11"]
[White "Ciorgovean, Iustin"]
[Black "Vilcu, Matei-Stefan"]
[Result "1-0"]
[ECO "B55"]
[WhiteElo "2310"]
[BlackElo "2176"]
[Annotator "TA"]
[PlyCount "81"]
[EventDate "2024.02.24"]
[EventType "swiss"]
[EventCountry "ROU"]
[SourceTitle "playchess.com"]
[Source "ChessBase"]
[SourceQuality "1"]
[TimeControl "40/5400+30:900+30"]

1. e4 c5 2. Nf3 d6 3. d4 cxd4 4. Nxd4 Nf6 5. f3 e5 6. Nb3 d5 7. Bg5 d4 8. c3 Nc6 9. cxd4 {[%emt 0:00:15] The position is equal.} Bb4+ $1 10. Bd2 Nxe4 $1 {[%emt 0:01:21] ...Qh4+ is the strong threat.} 11. Bxb4 Qh4+ 12. g3 Nxg3 13. hxg3 Qxh1 14. Bc5 Bh3 15. N1d2 O-O-O 16. Qc2 {[%emt 0:00:08] Threatens to win with 0-0-0.} Bxf1 17. O-O-O Kb8 {[%emt 0:11:59][%cal Oh1h6] White must now prevent ...Qh6!} 18. Rxf1 Qh6 19. dxe5 Nxe5 {[%emt 0:01:56][%cal Bc6e5,Be5d3,Bd3e1][%mdl 32] ...b6 would now be deadly.} 20. Kb1 ({White should play} 20. Bxa7+ $16 Kxa7 21. Qc5+ b6 22. Qxe5) 20... Rhe8 21. g4 Nd3 {[%emt 0:14:10] Hoping for ...Ne1.} 22. Bd4 Ne1 23. Qc5 {[%emt 0:04:39] Really sharp!} Qg6+ 24. Qf5 $1 Re2 {[%emt 0:01:36] [#] White now steadily converts the win.} (24... Qxf5+ $14 25. gxf5 g6) 25. Qxg6 $1 $16 hxg6 26. Bxg7 a5 (26... Ng2 $16) 27. Bc3 $18 a4 28. Nd4 Ree8 (28... Rxd4 29. Bxd4 Rxd2 30. Be5+ Kc8 31. Rxe1 $18) 29. Nc4 Nd3 (29... Ng2 $142 30. a3 Ne3 31. Nxe3 Rxe3) 30. Rd1 Nf4 {[%emt 0:00:18] [#]} 31. Ne5 $1 f6 $2 {[%emt 0:02:46] [#]} (31... Rxe5 $2 {is the wrong capture.} 32. Nc6+ Kc7 33. Bxe5+ $18 (33. Nxd8 Re3 $18)) (31... f5 32. gxf5 gxf5 (32... Rxe5 $2 {perishes.} 33. Nc6+ bxc6 34. Bxe5+ Kc8 35. Rxd8+ Kxd8 36. Bxf4 $18)) (31... Ka8 32. Nc4) 32. Ndc6+ $1 {[%emt 0:00:48][%mdl 512] White is clearly winning.} bxc6 (32... Kc8 33. Nxd8) 33. Nxc6+ Kc8 34. Nxd8 Rxd8 35. Rxd8+ Kxd8 36. Bxf6+ {[%emt 0:00:04] KB-KN} Kd7 37. Kc2 Kd6 38. Bg5 Ne6 39. Be3 Kc6 40. Kc3 Kb5 41. Kd3 {[%emt 0:01:57] Weighted Error Value: White=0.13 (very precise) /Black=0.31.  Mistake:       	White=2     	Black=4      Inaccurate:     	---       	Black=3      OK:         	White=12    	Black=8      Best:        	White=3     	Black=2      Strong:       	White=2     	Black=2} 1-0

[Event "Romanian Championship 2024"]
[Site "Eforie Nord"]
[Date "2024.03.02"]
[Round "9.12"]
[White "Prisacaru, Stefan-Emilian"]
[Black "Craciun, Sasha-Matei"]
[Result "1-0"]
[ECO "D35"]
[WhiteElo "2289"]
[BlackElo "2080"]
[Annotator "TA"]
[PlyCount "73"]
[EventDate "2024.02.24"]
[EventType "swiss"]
[EventCountry "ROU"]
[SourceTitle "playchess.com"]
[Source "ChessBase"]
[SourceQuality "1"]
[TimeControl "40/5400+30:900+30"]

1. d4 d5 2. c4 e6 3. Nf3 Nf6 4. Nc3 Be7 5. cxd5 exd5 6. Bf4 c6 7. h3 Nbd7 8. e3 O-O 9. Bd3 Re8 10. O-O Nf8 11. Bh2 Ng6 12. Ne5 Nxe5 {[%emt 0:04:14] The position is equal.} 13. dxe5 Nd7 14. f4 Bc5 15. Rf3 d4 (15... f6 $11) 16. Ne4 $1 $16 dxe3 17. Qc2 Be7 18. Kh1 {[%emt 0:09:51] White is much more active.} ({Resist} 18. Rxe3 Qb6 19. Rae1 Bb4) 18... Qa5 19. Rxe3 Nf8 20. Rf1 {[%emt 0:02:19] aiming for f5.} Bf5 21. g4 (21. Bc4 $142 {[%cal Oe4f6] Nf6+! is the strong threat.} g6 22. g4) 21... Bxe4+ (21... Be6 $142) 22. Rxe4 ({But not} 22. Bxe4 $6 Rad8 $14) 22... Ne6 {[%emt 0:04:55][%cal Oa8d8] [#]} 23. Ra4 $1 Qd5+ 24. Be4 Qb5 (24... Qd8 $16 25. Bxh7+ Kf8) 25. Bxh7+ $18 Kh8 26. Bd3 Qd5+ 27. Be4 Qb5 28. Bg2 $36 {[%emt 0:03:57][%mdl 2048] Hoping for f5. White is on the roll.} Red8 29. Re4 {[%emt 0:03:36] Strongly threatening f5.} Rd3 $2 (29... Nc5 $16 {keeps fighting.}) 30. Rfe1 $2 (30. f5 $18 Ng5 31. f6 Nxe4 32. fxe7) 30... Rd7 $2 (30... Nc5 $16) 31. f5 Ng5 32. e6 fxe6 33. fxe6 Rd5 34. Re5 (34. R4e3 $142) 34... Qd3 35. Qxd3 Rxd3 36. Rf1 {[%emt 0:00:21] Wards off Rf8} Bf6 $2 {[%emt 0:01:19] [#]} (36... Kg8 37. h4 Nh7) 37. e7 $1 {[%emt 0:01:25] Weighted Error Value: White=0.28 (precise) /Black=0.50.  Loses game:     	---       	Black=1      Missed win:     	White=1     	---        Mistake:       	White=2     	Black=5      Inaccurate:     	---       	Black=1      OK:         	White=7     	Black=8      Best:        	White=5     	Black=2      Strong:       	White=3     	---} 1-0

[Event "Romanian Championship 2024"]
[Site "Eforie Nord"]
[Date "2024.03.02"]
[Round "9.13"]
[White "Nastase, Robert-Paul"]
[Black "Negrean, Andrei"]
[Result "0-1"]
[ECO "B23"]
[WhiteElo "2226"]
[BlackElo "1990"]
[Annotator "TA"]
[PlyCount "115"]
[EventDate "2024.02.24"]
[EventType "swiss"]
[EventCountry "ROU"]
[SourceTitle "playchess.com"]
[Source "ChessBase"]
[SourceQuality "1"]
[TimeControl "40/5400+30:900+30"]

1. e4 c5 2. Nc3 Nc6 3. Bb5 Nd4 4. Nf3 a6 5. Bd3 Nc6 6. O-O e6 7. Nd5 Bd6 (7... g5 $5) 8. Ne3 {[%emt 0:00:28] Die Stellung ist ausgeglichen.} Nge7 9. c3 Bc7 10. Bc2 d5 11. d4 cxd4 12. Nxd4 Nxd4 13. cxd4 dxe4 14. Bxe4 O-O 15. b3 Nd5 16. Bb2 $2 {[%emt 0:00:03] [#] Ein Fehler, der zur Niederlage führt.} (16. Qc2 $14 {behält die Oberhand.}) 16... Nxe3 $1 $40 {[%emt 0:07:42][%mdl 128] Schwarz riecht Blut.} 17. fxe3 Qh4 $1 18. Rf4 Bxf4 19. exf4 Qxf4 20. Qd3 {[%emt 0:00:01] Verhindert Qe3+.} f5 21. Bf3 Bd7 {[%emt 0:04:55] Droht stark ...Bb5.} 22. Bxb7 Bb5 23. Qc3 (23. Qf3 {ist eine bessere Verteidigung.} Qxf3 24. Bxf3) 23... Rab8 24. Bf3 Rbc8 {[%emt 0:02:42] Lässt d5 nicht zu} 25. Qe1 Rc2 26. Rb1 Re8 27. Bd1 Rd2 {[%emt 0:05:59] [#] ...Bc6 wäre nun fies.} 28. Bc3 Rxa2 {[%emt 0:01:30][%cal Oe6e5] Und jetzt ...e5! wäre schön.} 29. Bf3 Bd3 30. Rd1 Be4 31. Bxe4 Qxe4 32. Qg3 (32. Qxe4 $142 fxe4 33. Be1) 32... f4 33. Qh3 Qe3+ (33... Rc8 $142 34. d5 Rxc3 35. Qxe6+ Qxe6 36. dxe6 Kf8 (36... Rxb3 37. Rd8#)) 34. Qxe3 fxe3 {[%emt 0:00:01][%mdl 4096] Endspiel. KRR-KRB} 35. Re1 e2 {[%emt 0:00:11] Droht ...Rc8 und aus.} 36. Kf2 Rc8 37. Bb4 Rb8 38. Bc5 Rxb3 {[%emt 0:00:08] Und ...a5 würde nun gewinnen.} 39. Rxe2 Rxe2+ 40. Kxe2 {[%emt 0:00:00] KR-KB} a5 41. Kd2 Rb2+ 42. Kc3 Rxg2 43. Bd6 g5 44. Kb3 Kf7 45. Ka4 Ra2+ 46. Kb3 Rd2 47. Be5 Kg6 {[%emt 0:00:09] Weiss muss nun ...Kf5 beachten.} 48. Ka4 Kf5 49. Kxa5 Ke4 {[%emt 0:00:04] ( -> ...g4)} 50. Bf6 Rxd4 {[%emt 0:00:05] Schwarz setzt Matt.} 51. Bxd4 Kxd4 {[%emt 0:00:03] KP-KP} 52. Kb5 e5 53. Kc6 e4 54. Kd6 e3 55. Ke6 e2 56. Kf5 e1=Q 57. Kxg5 Ke5 58. h3 {[%emt 0:00:03] Gewichteter Fehlerwert: Weiß=0.83/Schwarz=0.42.  Verlustzug:     	Weiß=1     	---        Fehler:       	Weiß=2     	---        Ungenau:       	Weiß=2     	Schwarz=3     OK:         	Weiß=8     	Schwarz=15    Bester:       	Weiß=1     	Schwarz=1     Stark:        	---       	Schwarz=1} 0-1

[Event "Romanian Championship 2024"]
[Site "Eforie Nord"]
[Date "2024.03.02"]
[Round "9.14"]
[White "Coicev, Matei-Andrei"]
[Black "Daianu, Cristian-Clement"]
[Result "1-0"]
[ECO "A31"]
[WhiteElo "2122"]
[BlackElo "2201"]
[Annotator "RC"]
[PlyCount "79"]
[EventDate "2024.02.24"]
[EventType "swiss"]
[EventCountry "ROU"]
[SourceTitle "playchess.com"]
[Source "ChessBase"]
[SourceQuality "1"]
[TimeControl "40/5400+30:900+30"]

1. e4 c5 2. Nf3 d6 3. d4 cxd4 4. Nxd4 Nf6 5. Bd3 g6 6. O-O Bg7 7. c4 Nc6 8. Nxc6 bxc6 9. Nc3 O-O 10. Qe2 Qa5 11. Bd2 Rb8 12. b3 Qh5 13. Qxh5 Nxh5 14. Rac1 f5 15. exf5 gxf5 16. Be2 Nf6 17. Bf3 Bb7 18. Rfe1 e5 19. Be3 Nd7 20. Red1 e4 21. Rxd6 Ne5 22. Be2 f4 23. Bxa7 f3 24. Bf1 fxg2 25. Kxg2 Ra8 26. Bc5 Rf4 27. Be2 Nf3 28. Bxf3 exf3+ 29. Kh1 Bc8 30. Rd8+ Kf7 31. Re1 Rf5 32. Ne4 Be5 33. Nd6+ Bxd6 34. Bxd6 Rg5 35. Re7+ Kg6 36. Rg8+ Kf6 37. Rf8+ Kg6 38. Be5 h6 39. h4 Rg2 40. Bg3 1-0

[Event "Romanian Championship 2024"]
[Site "Eforie Nord"]
[Date "2024.03.02"]
[Round "9.15"]
[White "Sava, Robert-Gabriel"]
[Black "Maximov, Oleg"]
[Result "1/2-1/2"]
[ECO "E92"]
[WhiteElo "2053"]
[BlackElo "2186"]
[Annotator "RC"]
[PlyCount "99"]
[EventDate "2024.02.24"]
[EventType "swiss"]
[EventCountry "ROU"]
[SourceTitle "playchess.com"]
[Source "ChessBase"]
[SourceQuality "1"]
[TimeControl "40/5400+30:900+30"]

1. d4 Nf6 2. c4 d6 3. Nc3 e5 4. Nf3 exd4 5. Nxd4 g6 6. e4 Bg7 7. Be2 O-O 8. Be3 Re8 9. f3 c6 10. Bf2 Nbd7 11. O-O Ne5 12. Re1 a5 13. Bf1 Nh5 14. Qd2 a4 15. Rad1 a3 16. b3 Qf6 17. Be3 Bf8 18. Be2 Qg7 19. g4 Nf6 20. h3 h6 21. f4 Ned7 22. Bf3 Nc5 23. Qg2 Nfd7 24. h4 Ne6 25. Nce2 c5 26. Nb5 f5 27. gxf5 gxf5 28. exf5 Qxg2+ 29. Bxg2 Ng7 30. Bf2 Rb8 31. Ng3 Rxe1+ 32. Bxe1 Nf6 33. Bc3 Ng4 34. f6 Ne6 35. Bd5 Ne3 36. f5 Nxd5 37. fxe6 Nxc3 38. e7 Bg4 39. Nxc3 Bxd1 40. Nxd1 Kf7 41. exf8=Q+ Rxf8 42. Ne4 Rg8+ 43. Kf2 Rg4 44. Ndc3 Rxh4 45. Kg3 Rh1 46. Nb5 b6 47. Nbxd6+ Ke6 48. f7 Rf1 49. Nf2 Ke7 50. Nfe4 1/2-1/2

[Event "Romanian Championship 2024"]
[Site "Eforie Nord"]
[Date "2024.03.02"]
[Round "9.16"]
[White "Nastore, Pavel-Alexandru"]
[Black "Stanica, Andrei"]
[Result "1-0"]
[ECO "C88"]
[WhiteElo "2182"]
[BlackElo "1720"]
[Annotator "RC"]
[PlyCount "55"]
[EventDate "2024.02.24"]
[EventType "swiss"]
[EventCountry "ROU"]
[SourceTitle "playchess.com"]
[Source "ChessBase"]
[SourceQuality "1"]
[TimeControl "40/5400+30:900+30"]

1. e4 e5 2. Nf3 Nc6 3. Bb5 a6 4. Ba4 Nf6 5. O-O Be7 6. Re1 b5 7. Bb3 O-O 8. a4 Bb7 9. d3 d6 10. Nc3 b4 11. Ne2 Na5 12. Ba2 c5 13. Ng3 Bc8 14. h3 h6 15. c3 Rb8 16. d4 bxc3 17. bxc3 Qc7 18. Nh4 c4 19. Nhf5 Bxf5 20. Nxf5 Nb3 21. Ba3 Nxa1 22. dxe5 dxe5 23. Bxe7 Nb3 24. Bxf6 Qb6 25. Bxg7 Rfe8 26. Bxh6 Rbd8 27. Qe2 Qc6 28. Rb1 1-0

[Event "Romanian Championship 2024"]
[Site "Eforie Nord"]
[Date "2024.03.02"]
[Round "9.17"]
[White "Serban, Cristian-Stefan"]
[Black "Dodoi, Matei-Teodor"]
[Result "1/2-1/2"]
[ECO "A16"]
[WhiteElo "2309"]
[BlackElo "1947"]
[Annotator "TA"]
[PlyCount "90"]
[EventDate "2024.02.24"]
[EventType "swiss"]
[EventCountry "ROU"]
[SourceTitle "playchess.com"]
[Source "ChessBase"]
[SourceQuality "1"]
[TimeControl "40/5400+30:900+30"]

1. c4 Nf6 2. Nc3 d5 3. cxd5 Nxd5 4. Nf3 Nxc3 5. bxc3 g6 6. h4 h6 7. Qa4+ Nd7 8. e4 Bg7 9. e5 O-O {[%emt 0:02:02] [#]} 10. e6 Nb6 $1 $17 (10... fxe6 $6 11. Qc2 $14) ({Doch nicht} 10... Nc5 $6 11. exf7+ Rxf7 12. Qb5 $11) 11. exf7+ Rxf7 12. Qb3 {[%emt 0:03:11] [#]} a5 (12... e5 $1 $17 {[%cal Re5e4] Zielt auf ...e4 ab.} 13. Be2 Qf6) 13. d4 $11 a4 $132 {[%emt 0:02:32][%mdl 2048] Schwarz hält nicht still} 14. Qc2 Bf5 15. Bd3 Qd5 16. O-O Raf8 17. Re1 Bxd3 18. Qxd3 Qf5 (18... Qh5 $1 $11) 19. Qxf5 $14 Rxf5 20. Rb1 Re8 {[%emt 0:02:57] [#]} (20... Rb8 $14) 21. Ba3 ({Günstiger ist} 21. c4 $1 $16) 21... Kf7 $1 $11 22. Nd2 e5 23. Bc5 {[%emt 0:00:17] Schwarz muss nun Ne4 beachten.} exd4 24. Rxe8 Kxe8 25. Bxd4 Bxd4 26. cxd4 {[%emt 0:00:09][%mdl 4096] Endspiel. KRN-KRN} Rf4 27. Nf3 Kd8 28. Kf1 Kc8 29. Rb4 Re4 30. g3 a3 31. Nd2 Re6 32. Rb3 Rd6 33. Nf3 Nc4 34. Ke2 c6 35. Rc3 b5 36. Ne5 Rxd4 37. Nxc4 bxc4 (37... Rxc4 38. Rxc4 bxc4 39. Kd2 $18) 38. Rxa3 {[%emt 0:04:13] KR-KR} Kb7 39. f3 g5 40. hxg5 {[%emt 0:00:00] Die Stellung ist ausgeglichen.} hxg5 41. Re3 g4 42. f4 Kb6 43. f5 Rd5 44. Re4 Rxf5 45. Rxc4 Rf3 {[%emt 0:00:52] Gewichteter Fehlerwert: Weiß=0.11 (sehr präzise) /Schwarz=0.12 (sehr präzise) .  Fehler:       	Weiß=2     	Schwarz=3     Ungenau:       	Weiß=2     	Schwarz=1     OK:         	Weiß=17    	Schwarz=17    Bester:       	Weiß=3     	Schwarz=3     Stark:        	---       	Schwarz=2} 1/2-1/2

[Event "Romanian Championship 2024"]
[Site "Eforie Nord"]
[Date "2024.03.02"]
[Round "9.18"]
[White "Voiteanu, Gabriel"]
[Black "Melinte, Rares-Andrei"]
[Result "1/2-1/2"]
[ECO "E73"]
[WhiteElo "2151"]
[BlackElo "1989"]
[Annotator "RC"]
[PlyCount "90"]
[EventDate "2024.02.24"]
[EventType "swiss"]
[EventCountry "ROU"]
[SourceTitle "playchess.com"]
[Source "ChessBase"]
[SourceQuality "1"]
[TimeControl "40/5400+30:900+30"]

1. d4 Nf6 2. c4 g6 3. Nc3 Bg7 4. e4 d6 5. Be2 O-O 6. Be3 e5 7. d5 Na6 8. g4 Nc5 9. f3 h5 10. b4 Na6 11. a3 hxg4 12. Bg5 c6 13. fxg4 cxd5 14. cxd5 Bd7 15. Nh3 Qb6 16. Nf2 Rac8 17. Rc1 Qd4 18. Qd2 Nc7 19. Be3 Qxd2+ 20. Kxd2 a6 21. h4 Nb5 22. Nxb5 Bxb5 23. Bxb5 axb5 24. Bb6 Ra8 25. Rc3 Ra6 26. Be3 Rfa8 27. Ra1 Ne8 28. g5 Kf8 29. Ng4 Ra4 30. Kc2 Rxb4 31. axb4 Rxa1 32. Rc8 Rh1 33. Bf2 Ke7 34. Rb8 f5 35. gxf6+ Nxf6 36. Rxb7+ Kf8 37. Nxf6 Bxf6 38. Ba7 Rxh4 39. Kd3 Rh3+ 40. Ke2 Rh4 41. Kf3 Rh3+ 42. Kg2 Rh4 43. Bb8 Be7 44. Kf3 Rh3+ 45. Ke2 Rh4 1/2-1/2

[Event "Romanian Championship 2024"]
[Site "Eforie Nord"]
[Date "2024.03.02"]
[Round "9.19"]
[White "Botea, David-Alexandru"]
[Black "Armenciu, Bogdan-Ovidiu"]
[Result "1-0"]
[ECO "B08"]
[WhiteElo "2081"]
[BlackElo "1936"]
[Annotator "NA RC"]
[PlyCount "81"]
[EventDate "2024.02.24"]
[EventType "swiss"]
[EventCountry "ROU"]
[SourceTitle "playchess.com"]
[Source "ChessBase"]
[SourceQuality "1"]
[TimeControl "40/5400+30:900+30"]

1. e4 d6 2. d4 Nf6 3. Nc3 g6 4. Nf3 Bg7 5. Be2 c6 6. a4 O-O 7. O-O Nbd7 8. h3 e5 9. dxe5 dxe5 10. Bc4 Qe7 11. Qd3 Nc5 12. Qe3 a5 13. b3 Nh5 14. Ba3 b6 {[%emt 0:00:23] [#]} 15. b4 $1 axb4 16. Bxb4 Nf4 $2 (16... Be6 $16) 17. a5 Bh6 $18 18. Kh1 Kg7 19. axb6 Rxa1 20. Rxa1 Nfd3 21. Bxc5 Nxc5 22. Qe2 Rd8 23. Ra7 Rd7 24. Rxd7 Nxd7 25. Na4 Qa3 26. Bb3 Nb8 27. Qd1 Qe7 28. Qd3 Bc1 29. Qc3 Kf6 30. Nc5 Ba3 31. b7 Bf5 32. Nd3 Bxe4 33. Ndxe5 Kg7 34. Nxc6+ Qf6 35. Qxf6+ Kxf6 36. Nxb8 Bxb7 37. Nd7+ Ke7 38. Nde5 f6 39. Nd3 Be4 40. Nd2 Bb7 41. Nc4 1-0

[Event "Romanian Championship 2024"]
[Site "Eforie Nord"]
[Date "2024.03.02"]
[Round "9.20"]
[White "Lucaci, Alin-Marian"]
[Black "Ciocani, Iosif"]
[Result "0-1"]
[ECO "E24"]
[WhiteElo "1749"]
[BlackElo "2063"]
[Annotator "RC"]
[PlyCount "46"]
[EventDate "2024.02.24"]
[EventType "swiss"]
[EventCountry "ROU"]
[SourceTitle "playchess.com"]
[Source "ChessBase"]
[SourceQuality "1"]
[TimeControl "40/5400+30:900+30"]

1. d4 Nf6 2. c4 e6 3. Nc3 Bb4 4. a3 Bxc3+ 5. bxc3 b6 6. e4 Nxe4 7. Qg4 f5 8. Qxg7 Qf6 9. Qxf6 Nxf6 10. Nf3 Nc6 11. d5 exd5 12. Bd3 Ba6 13. Bxf5 Bxc4 14. Be3 Ne4 15. Ng5 Nxc3 16. Bxh7 d4 17. Bf4 O-O-O 18. Kd2 Na5 19. Rae1 Nb3+ 20. Kc2 Nc5 21. Bf5 Rhf8 22. g4 Be6 23. Bxe6 Rxf4 0-1

[Event "Romanian Championship 2024"]
[Site "Eforie Nord"]
[Date "2024.03.02"]
[Round "9.21"]
[White "Danila, Tudor-Gabriel"]
[Black "Andronescu, Madalin"]
[Result "1-0"]
[ECO "B22"]
[WhiteElo "1901"]
[BlackElo "2007"]
[Annotator "NA RC"]
[PlyCount "51"]
[EventDate "2024.02.24"]
[EventType "swiss"]
[EventCountry "ROU"]
[SourceTitle "playchess.com"]
[Source "ChessBase"]
[SourceQuality "1"]
[TimeControl "40/5400+30:900+30"]

1. e4 c5 2. c3 Nf6 3. e5 Nd5 4. d4 cxd4 5. Nf3 Nc6 6. cxd4 e6 7. Bc4 d6 8. O-O Be7 9. Qe2 O-O 10. Nc3 Nxc3 11. bxc3 dxe5 12. dxe5 b6 13. Re1 Bb7 14. Bd2 Na5 15. Bd3 Rc8 16. Rad1 Qd5 17. Bg5 Qc5 18. h4 h6 $16 (18... Bxf3 $15 {keeps the upper hand.} 19. Qxf3 Bxg5 20. hxg5 g6 (20... Qxc3 $2 {is the wrong capture.} 21. Re3 $18)) 19. Be3 Qxc3 20. Nd4 Nc6 21. Qh5 Nxd4 22. Bxd4 Qc6 23. Re4 Rfd8 24. Rg4 Kf8 25. Be3 Rd5 26. Rxg7 1-0

[Event "Romanian Championship 2024"]
[Site "Eforie Nord"]
[Date "2024.03.02"]
[Round "9.22"]
[White "Buzbuchi, Ionut"]
[Black "Samu, Sorin-Mihai"]
[Result "1-0"]
[ECO "B00"]
[WhiteElo "2039"]
[BlackElo "2004"]
[Annotator "NA RC"]
[PlyCount "108"]
[EventDate "2024.02.24"]
[EventType "swiss"]
[EventCountry "ROU"]
[SourceTitle "playchess.com"]
[Source "ChessBase"]
[SourceQuality "1"]
[TimeControl "40/5400+30:900+30"]

1. Nf3 b6 2. e4 Bb7 3. Nc3 g6 4. d4 Bg7 5. Be3 Nf6 6. e5 {[%emt 0:05:48] B00: Queen's Fianchetto Defence, Nimzowitsch Defence.} Nd5 7. Nxd5 Bxd5 8. c4 Bb7 9. Be2 O-O 10. O-O d6 11. Qb3 Nd7 12. Rad1 e6 13. Bg5 Qe8 14. exd6 cxd6 15. Qa3 h6 16. Bh4 f5 17. Qxd6 g5 18. Bxg5 hxg5 19. Nxg5 Rf6 20. c5 Rc8 21. Bb5 Rd8 $18 22. c6 Bxc6 23. Bxc6 Nf8 24. Qc7 Rc8 25. Qxg7+ Kxg7 26. Bxe8 Rxe8 27. Rfe1 Rg6 28. f4 Rd8 29. Kf2 Kf6 30. Re5 Rg7 31. d5 Rxg5 32. dxe6 Re8 33. e7 Ng6 34. Rd6+ Kf7 35. fxg5 Nxe5 36. Rf6+ Kxe7 37. Rxf5 Nd3+ 38. Kg3 Nxb2 39. h4 Nc4 40. g6 Nd6 41. Rf4 Rf8 42. h5 Nf5+ 43. Kf2 a5 44. g4 Nd4 45. Ke3 Nc2+ 46. Ke4 b5 47. Rf5 Na3 48. g7 Rg8 49. h6 Nc4 50. h7 Nd6+ 51. Kf4 Rxg7 52. h8=Q Nxf5 53. gxf5 Rg2 54. Qe5+ Kf8 1-0

[Event "Romanian Championship 2024"]
[Site "Eforie Nord"]
[Date "2024.03.02"]
[Round "9.23"]
[White "Mintau, Andrei-Catalin"]
[Black "Costescu, Mihnea-Constantin"]
[Result "1/2-1/2"]
[ECO "B50"]
[WhiteElo "2039"]
[BlackElo "1944"]
[Annotator "ChessBase"]
[PlyCount "105"]
[EventDate "2024.02.24"]
[EventType "swiss"]
[EventCountry "ROU"]
[SourceTitle "playchess.com"]
[Source "ChessBase"]
[SourceQuality "1"]
[TimeControl "40/5400+30:900+30"]

1. e4 c5 2. Nf3 d6 3. Nc3 Nf6 4. e5 dxe5 5. Nxe5 e6 6. g3 Bd6 7. Nc4 O-O 8. Bg2 Nc6 9. d3 Re8 10. Bg5 Be7 11. O-O Nd5 12. Bxe7 Rxe7 13. Re1 Rb8 14. Qh5 Rd7 15. Ne5 Nxe5 16. Qxe5 Nc7 17. Qxc5 b6 18. Qe3 h6 19. Rad1 Bb7 20. Bxb7 Rxb7 21. d4 b5 22. Ne4 Rd5 23. Nc5 Rb6 24. f4 Rc6 25. Rd3 Na6 26. Nxa6 Rxa6 27. a3 Rc6 28. Qd2 Rcd6 29. c3 a5 30. Rde3 b4 31. Re5 bxc3 32. bxc3 Rb6 33. Qc2 Rxe5 34. Rxe5 Qb8 35. Re1 Rb2 36. Qe4 Qb3 37. f5 exf5 38. Qxf5 g6 39. Qf6 Kh7 40. Rf1 Kg8 41. Qf3 Rd2 42. Qc6 Rd1 43. Rxd1 Qxd1+ 44. Kf2 Qd2+ 45. Kf3 Qd3+ 46. Kf4 Qd2+ 47. Ke5 Qxh2 48. Qf3 Qb2 49. Qa8+ Kg7 50. Qxa5 Qb8+ 51. Ke4 Qb1+ 52. Ke3 Qe1+ 53. Kf3 1/2-1/2